 Dungeon Crawl Stone Soup version 0.23.1 (webtiles) character file.

Game seed: 0

14511 Borgoz the Grappler (level 12, -23/106 HPs)
             Began as a Ghoul Gladiator on Feb 28, 2019.
             Was a Follower of Ashenzari.
             Shot with an arrow by Nessos (27 damage)
             ... on level 12 of the Dungeon on Mar 2, 2019.
             The game lasted 00:34:54 (13422 turns).

Borgoz the Grappler (Ghoul Gladiator)              Turns: 13422, Time: 00:34:54

Health: -23/106    AC:  4    Str: 19    XL:     12   Next: 17%
Magic:  11/11      EV: 14    Int: 10    God:    Ashenzari [*.....]
Gold:   285        SH: 13    Dex: 10    Spells: 11/11 levels left

rFire    + + .     SeeInvis .     - Unarmed
rCold    + + .     Gourm    .   p - +3 shield of Refuge {rF+}
rNeg     + + +     Faith    .   s - +0 leather armour of the Cockatrice {rElec rC+} (curse)
rPois    ∞         Spirit   .   i - +0 hat {Int+3}
rElec    +         Reflect  .   (no cloak)
rCorr    .         Harm     .   (no gloves)
MR       +....                  (no boots)
Stlth    +.........             (no amulet)
HPRegen  0.00/turn              l - ring of protection from magic
MPRegen  0.12/turn              y - ring of protection from fire

@: rotting
A: rotting body, claws 1, carnivore, cold resistance 1, negative energy
resistance 3, inhibited regeneration, torment resistance, unbreathing
a: Curse Item, Scrying, Renounce Religion


You were on level 12 of the Dungeon.
You worshipped Ashenzari.
Ashenzari was aware of your devotion.
You were not hungry.

You visited 3 branches of the dungeon, and saw 15 of its levels.
You also visited: Gauntlet.

You collected 570 gold pieces.
You spent 285 gold pieces at shops.

Inventory:

Missiles
 e - a throwing net (quivered)
Armour
 i - a +0 hat of intelligence (worn)
 p - the +3 shield of Refuge (worn) {rF+}
   (You found it on level 6 of the Dungeon)

   It protects you from fire.
 s - the cursed +0 leather armour of the Cockatrice (worn) {rElec rC+}
   (You found it in a Gauntlet)

   It protects you from cold.
   It insulates you from electricity.
   It has a curse placed upon it.
Magical Staves
 c - an uncursed staff of wizardry
 n - an uncursed staff of energy
Jewellery
 h - an uncursed ring of protection from cold
 l - a ring of protection from magic (left claw)
 y - a ring of protection from fire (right claw)
Wands
 b - a wand of iceblast (7)
 m - a wand of polymorph (7)
 z - a wand of random effects (40)
Scrolls
 f - 4 scrolls of blinking {unknown}
 g - 7 scrolls of remove curse
 j - a scroll of random uselessness {unknown}
Potions
 q - a potion of flight
Miscellaneous
 o - a phial of floods
Comestibles
 a - a chunk of flesh
 d - 26 rations


   Skills:
 + Level 10.1 Fighting
 - Level 1.7 Throwing
 + Level 8.2 Armour
 + Level 8.8 Dodging
 + Level 6.7 Shields
 + Level 10.3 Unarmed Combat


You had 11 spell levels left.
You didn't know any spells.
Your spell library contained the following spells:

 Spells                   Type           Power        Failure   Level  Hunger
 Magic Dart               Conj           #...         77%         1    ##.....
 Sting                    Conj/Pois      #...         77%         1    ##.....
 Summon Butterflies       Summ           #.......     77%         1    ##.....
 Poisonous Vapours        Pois/Air       #.....       88%         2    ###....
 Searing Ray              Conj           #.....       88%         2    ###....
 Call Canine Familiar     Summ           #.......     98%         3    ####...
 Dazzling Spray           Conj/Hex       #.....       98%         3    ####...
 Mephitic Cloud           Conj/Pois/Air  #.......     98%         3    ####...
 Force Lance              Conj/Tloc      #.......     100%        4    #####..
 Fulminant Prism          Conj/Hex       #.........   100%        4    #####..
 Iskenderun's Mystic Bla  Conj           #.......     100%        4    #####..
 Olgreb's Toxic Radiance  Pois           #.......     100%        4    #####..
 Summon Ice Beast         Ice/Summ       #.......     100%        4    #####..
 Summon Mana Viper        Hex/Summ       #.......     100%        5    ######.
 Venom Bolt               Conj/Pois      #.........   100%        5    ######.
 Summon Hydra             Summ           #.........   100%        7    #######


Dungeon Overview and Level Annotations

Branches:
Dungeon (13/15)            Temple (1/1) D:6            Lair (1/6) D:10
    Orc (0/2) D:11
 Vaults: D:13-14

Altars:
Ashenzari
Cheibriados
Dithmenos
Elyvilon
Fedhas
Gozag
Hepliaklqana
Kikubaaqudgha
Makhleb
Nemelex Xobeh
Okawaru
Qazlal
Ru
Sif Muna
Trog
Uskayaw
Vehumet
Wu Jian
Xom
Yredelemnul
Zin
The Shining One

Shops:
D:7 *   D:10 *   D:11 }

Annotations:
D:12 Nessos
Lair:1 Erica


Innate Abilities, Weirdness & Mutations

Your body is rotting away.
You thrive on raw meat.
You are immune to poison.
You have sharp fingernails.
You are carnivorous and can eat meat at any time.
Your flesh is cold resistant. (rC+)
You are immune to negative energy. (rN+++)
You do not regenerate when monsters are visible.
You are immune to unholy pain and torment.
You can survive without breathing.


Message History

You see here an arrow.
An iguana comes into view.
The iguana hisses angrily.
Nessos unwields a +3 longbow of flaming.
It stops flaming.
Nessos closely misses you.
Nessos blinks!
Okay, then.
Nessos blinks!
Nessos wields a +3 longbow of flaming.
It bursts into flame!
Nessos shoots an arrow.
The arrow hits you! The arrow burns you.
* * * LOW HITPOINT WARNING * * *
You see here an arrow.
Nessos shoots an arrow.
The arrow barely misses you.
Nessos blinks! x2
There is an open door here.
Nessos shoots an arrow.
The arrow hits you!!
* * * LOW HITPOINT WARNING * * *
The arrow burns you.
* * * LOW HITPOINT WARNING * * *
Nessos stands on his hind legs for a moment.
Nessos shoots an arrow.
The arrow hits you!!
You die...

#########.#####
..............#
.........#(...#
........('....# ..
.........#'####...
.......(.......#
....l.§.....(..+
##########'#......#
#.........@'......#
#..........#......#
#..........#..§.c.#
#..........#......#
#....###...#..(...#
#'######...#......##
#..........#.......#
#..........#.......#
#..........#.......#


You could see Nessos.

Vanquished Creatures
  A minotaur (Gauntlet)
  A ghost crab (Gauntlet)
  2 two-headed ogres
  A necromancer (Gauntlet)
  An ugly thing (D:7)
  A spiny frog (Lair:1)
  A komodo dragon (Lair:1)
  2 trolls (D:10)
  4 hippogriffs
  A spriggan (D:9)
  Eustachio (D:5)
  A wyvern (D:7)
  8 yaks (D:9)
  A basilisk (D:10)
  2 chaos spawn (Gauntlet)
  A steam dragon (D:8)
  A neqoxec (Gauntlet)
  A hungry ghost (D:9)
  A vampire mosquito (D:10)
  3 porcupines
  2 water moccasins
  3 ice beasts
  4 orc warriors
  A black bear (D:7)
  A necrophage (D:7)
  4 ogres
  2 sky beasts (D:9)
  4 wolves (Gauntlet)
  6 centaurs
  6 crocodiles
  10 bullfrogs
  2 gnoll sergeants (D:8)
  A wyvern zombie (D:8)
  A water moccasin skeleton (D:4)
  6 scorpions
  10 killer bees
  8 howler monkeys
  8 hounds
  2 jellies (D:6)
  2 crimson imps
  2 centaur zombies
  Crazy Yiuf (D:5)
  2 bullfrog zombies
  A centaur skeleton (D:9)
  A gnoll shaman (D:9)
  6 orc priests
  2 iguanas
  9 orc wizards
  6 worker ants
  2 hound zombies
  A hound skeleton (D:9)
  24 gnolls
  10 adders
  4 shadow imps
  An ooze (D:7)
  An adder zombie (D:5)
  2 adder skeletons (D:9)
  5 worms
  4 dart slugs
  3 leopard geckos
  33 orcs
  3 ball pythons
  7 bats
  5 giant cockroaches
  5 goblins
  6 hobgoblins
  13 jackals
  18 kobolds
  2 quokkas
  8 frilled lizards
  A leopard gecko skeleton (D:5)
  A quokka skeleton (D:5)
  13 rats
320 creatures vanquished.

Vanquished Creatures (others)
  A bush (D:10)
  2 fungi
  4 plants (D:10)
7 creatures vanquished.

Grand Total: 327 creatures vanquished

Notes
Turn   | Place    | Note
-------+----------+-------------------------------------------
     0 | D:1      | Borgoz the Ghoul Gladiator began the quest for the Orb.
     0 | D:1      | Reached XP level 1. HP: 17/17 MP: 0/0
   158 | D:1      | Reached XP level 2. HP: 17/24 MP: 1/1
   310 | D:1      | Reached XP level 3. HP: 27/30 MP: 2/2
   597 | D:1      | Reached skill level 1 in Armour
   716 | D:2      | Reached XP level 4. HP: 32/38 MP: 3/3
  1024 | D:2      | Reached XP level 5. HP: 45/45 MP: 4/4
  1849 | D:2      | Reached XP level 6. HP: 46/51 MP: 5/5
  2004 | D:3      | Found a sparkling altar of Nemelex Xobeh.
  2410 | D:3      | Found a stormy altar of Qazlal.
  2549 | D:4      | Reached skill level 5 in Unarmed Combat
  2895 | D:4      | Reached XP level 7. HP: 60/60 MP: 6/6
  3069 | D:5      | Entered Level 5 of the Dungeon
  3114 | D:5      | Found a basalt altar of Yredelemnul.
  3160 | D:5      | Found an ornate altar of the Wu Jian Council.
  3355 | D:5      | Found a glowing golden altar of the Shining One.
  3632 | D:5      | Reached skill level 5 in Fighting
  3921 | D:5      | Found a runed translucent door.
  3922 | D:5      | Noticed Crazy Yiuf
  3986 | D:5      | Noticed Eustachio
  4320 | D:5      | Reached XP level 8. HP: 61/65 MP: 7/7
  4341 | D:5      | Found a white marble altar of Elyvilon.
  4512 | D:5      | Killed Eustachio
  4512 | D:5      | Reached skill level 5 in Dodging
  4549 | D:5      | Found a hazy altar of Hepliaklqana.
  4756 | D:5      | Killed Crazy Yiuf
  4916 | D:6      | Got a bloodstained shield
  4922 | D:6      | Identified the +3 shield of Refuge {rF+} (You found it on
                  | level 6 of the Dungeon)
  5006 | D:6      | Reached skill level 1 in Shields
  5346 | D:6      | Reached XP level 9. HP: 49/75 MP: 8/8
  5565 | D:6      | Upgraded the game from 0.23.0-42-geed6394 to 0.23.1
  5781 | D:6      | Found a staircase to the Ecumenical Temple.
  5798 | Temple   | Entered the Ecumenical Temple
  6007 | Temple   | Became a worshipper of Ashenzari the Shackled
  6035 | D:6      | Found an iron altar of Okawaru.
  6223 | D:7      | Found an opulent altar of Gozag.
  6223 | D:7      | Found a burning altar of Makhleb.
  6223 | D:7      | Found a shimmering altar of Xom.
  6245 | D:6      | Reached skill level 5 in Armour
  6926 | D:7      | Found Zin's Purification Station.
  6926 | D:7      | Found a glowing silver altar of Zin.
  7069 | D:7      | Noticed a purple ugly thing
  7104 | D:7      | Killed a purple ugly thing
  7292 | D:7      | Reached XP level 10. HP: 71/86 MP: 9/9
  8826 | D:9      | Found a blossoming altar of Fedhas.
  9038 | D:9      | Reached * piety under Ashenzari
  9155 | D:9      | Noticed a two-headed ogre
  9185 | D:9      | Killed a two-headed ogre
  9185 | D:9      | Reached skill level 5 in Shields
  9185 | D:9      | Reached XP level 11. HP: 44/95 MP: 10/10
 10170 | D:10     | Entered Level 10 of the Dungeon
 10193 | D:10     | Found a staircase to the Lair.
 10715 | D:10     | Found Fehiseh's Assorted Antiques.
 10723 | D:10     | Bought a heavily runed helmet for 285 gold pieces
 10733 | D:10     | Identified the +1 helmet of Seoplath {rN+ Int+2} (You
                  | bought it in a shop on level 10 of the Dungeon)
 11145 | D:11     | Found a gate leading to a gauntlet.
 11167 | Gauntlet | Entered a Gauntlet
 11167 | Gauntlet | Found a transporter.
 11167 | Gauntlet | Found a transporter.
 11167 | Gauntlet | Noticed a worldbinder
 11185 | Gauntlet | Found a transporter.
 11185 | Gauntlet | Noticed a necromancer
 11199 | Gauntlet | Found a transporter.
 11203 | Gauntlet | Found a transporter.
 11211 | Gauntlet | Found a transporter.
 11211 | Gauntlet | Noticed a moth of wrath
 11216 | Gauntlet | Found a transporter.
 11226 | Gauntlet | Found a transporter.
 11239 | Gauntlet | Found a transporter.
 11240 | Gauntlet | Noticed a ghost crab
 11256 | Gauntlet | Found a transporter.
 11257 | Gauntlet | Found a transporter.
 11265 | Gauntlet | Found a transporter.
 11299 | Gauntlet | Killed a necromancer
 11742 | Gauntlet | Killed a ghost crab
 11742 | Gauntlet | Reached skill level 10 in Unarmed Combat
 11750 | Gauntlet | Got the cursed leather armour of the Cockatrice {rElec rC+}
 11753 | Gauntlet | Got the uncursed pair of gloves of Gimien {rN+++ MR- Regen+
                  | Dex+3}
 11765 | Gauntlet | Identified the cursed +0 leather armour of the Cockatrice
                  | {rElec rC+} (You found it in a Gauntlet)
 11801 | Gauntlet | Identified the +1 pair of gloves of Gimien {rN+++ MR-
                  | Regen+ Dex+3} (You found it in a Gauntlet)
 11840 | Gauntlet | Noticed a minotaur
 11853 | Gauntlet | HP: 4/99 [minotaur/uncursed staff of wizardry (3)]
 11917 | Gauntlet | Killed a minotaur
 12266 | Lair:1   | Entered Level 1 of the Lair of Beasts
 12432 | Lair:1   | Reached XP level 12. HP: 76/106 MP: 11/11
 12767 | Lair:1   | Reached skill level 10 in Fighting
 12826 | Lair:1   | Noticed Erica
 12854 | Lair:1   | HP: 1/106 [something (14)]
 13211 | D:11     | Found Xakyg's Gadget Shop.
 13298 | D:13     | Noticed a two-headed ogre
 13306 | D:12     | Killed a two-headed ogre
 13415 | D:12     | Noticed Nessos
 13422 | D:12     | HP: 5/106 [Nessos/arrow (26)]
 13422 | D:12     | Shot with an arrow by Nessos

Skill      XL: |  1  2  3  4  5  6  7  8  9 10 11 12 |
---------------+-------------------------------------+-----
Dodging        | 3 4 5 6 7 8 |  8.8
Armour         | 1 2 3 4 5 6 7 8 |  8.2
Fighting       | 3 4 5 6 7 8 9 10 | 10.1
Unarmed Combat | 4 5 6 7 9 10 | 10.3
Shields        | 1 3 5 6 |  6.7
Throwing       | |  1.7

Action                   |  1- 3 |  4- 6 |  7- 9 | 10-12 || total
-------------------------+-------+-------+-------+-------++-------
Melee: Unarmed           |   147 |   275 |   468 |   839 ||  1729
       Punch             |     1 |     6 |     1 |       ||     8
Throw: Throwing net      |       |       |     4 |     7 ||    11
  Use: Scroll            |       |     5 |     1 |    10 ||    16
       Potion            |       |       |     2 |    14 ||    16
 Stab: Held in net/web   |       |       |     1 |     7 ||     8
       Fleeing           |       |       |       |     2 ||     2
  Eat: Chunk             |    13 |    14 |    36 |   116 ||   179
Armor: Ring mail         |    48 |    99 |   127 |   145 ||   419
       Leather armour    |       |       |       |    15 ||    15
Dodge: Dodged            |    75 |   191 |   198 |   284 ||   748
Block: Shield            |       |       |   138 |   457 ||   595
